 Dungeon Crawl Stone Soup version 0.29.1-15-g9cfb28693d (webtiles) character file.

Game seed: 7249272494853263455

3475 Calibrex the Grappler (level 9, 0/88 HPs)
             Began as a Troll Fighter on Mar 12, 2023.
             Was a Follower of Wu Jian.
             Succumbed to a killer bee's poison
             ... on level 8 of the Dungeon.
             The game lasted 00:21:38 (5989 turns).

Calibrex the Grappler (Troll Fighter)               Turns: 5989, Time: 00:21:40

Health: 0/88       AC:  8    Str: 26    XL:     9   Next: 79%
Magic:  8/8        EV:  9    Int:  8    God:    Wu Jian [*.....]
Gold:   518        SH:  9    Dex:  9    Spells: 8/8 levels left

rFire   . . .      SeeInvis .     - Unarmed
rCold   . . .      Faith    .   b - +1 kite shield
rNeg    . . .      Spirit   .   A - +0 steam dragon scales
rPois   .          Reflect  .   (helmet restricted)
rElec   .          Harm     .   k - +0 cloak
rCorr   .          Rampage  .   (gloves unavailable)
Will    .....                   (boots unavailable)
Stlth   +.........              (no amulet)
HPRegen 1.04/turn               (no ring)
MPRegen 0.11/turn               (no ring)

@: lethally poisoned (0 -> -8)
A: large, unfitting armour, claws 3, regeneration 1, shaggy fur 1, tough skin 1
a: Renounce Religion


You were on level 8 of the Dungeon.
You worshipped Wu Jian.
Wu Jian was aware of your devotion.
You visited 2 branches of the dungeon, and saw 9 of its levels.

You collected 518 gold pieces.

Inventory:

Missiles
 a - 7 curare-tipped darts
 h - 5 javelins
 j - 7 boomerangs
 q - 4 throwing nets
 v - 2 poisoned darts (quivered)
Armour
 b - a +1 kite shield (worn)
 k - a +0 cloak (worn)
 p - a +2 robe of positive energy
 t - a +1 robe of cold resistance
 A - +0 steam dragon scales (worn)
Jewellery
 n - a ring of fire
 x - a ring of flight
Wands
 B - a wand of charming (1)
Scrolls
 e - a scroll of poison
 m - 2 scrolls of butterflies
 s - 2 scrolls of teleportation
 u - a scroll of summoning {unknown}
 C - 4 scrolls of identify
 D - 2 scrolls of magic mapping {unknown}
 E - a scroll of enchant armour
Potions
 c - a potion of might
 d - 2 potions of lignification
 f - 3 potions of curing
 g - a potion of brilliance
 i - a potion of flight {unknown}
 l - 2 potions of mutation {unknown}
 o - a potion of haste {unknown}
 r - 2 potions of degeneration {unknown}
 w - a potion of magic {unknown}
 F - a potion of attraction {unknown}


   Skills:
 + Level 5.5 Fighting
 - Level 1.0 Throwing
 + Level 3.4 Dodging
 - Level 0.9 Stealth
 + Level 6.1 Shields
 * Level 10.7 Unarmed Combat


You had 8 spell levels left.
You didn't know any spells.
Your spell library contained the following spells:

 Spells                   Type           Power      Damage    Failure   Level
 Sandblast                Erth           0%         2d4       67%         1
 Passwall                 Tmut/Erth      0%         N/A       80%         2
 Static Discharge         Conj/Air       0%         3-3/arc   80%         2
 Confusing Touch          Hex            0%         N/A       95%         3
 Inner Flame              Hex/Fire       0%         N/A       95%         3
 Stone Arrow              Conj/Erth      0%         3d7       95%         3
 Summon Guardian Golem    Hex/Summ       0%         N/A       95%         3
 Cause Fear               Hex            0%         N/A       100%        4
 Iskenderun's Battlesphe  Conj           0%         2d6       100%        5
 Lightning Bolt           Conj/Air       0%         1d11      100%        5
 Orb of Destruction       Conj           0%         9d5       100%        7
 Spellforged Servitor     Conj/Summ      0%         N/A       100%        7
 Discord                  Hex            0%         N/A       100%        8
 Lehudib's Crystal Spear  Conj/Erth      0%         10d2      100%        8
 Maxwell's Capacitive Co  Air            0%         ∞         100%        8


Dungeon Overview and Level Annotations

Branches:
Dungeon (8/15)             Temple (1/1) D:7            Lair (0/5) D:8

Altars:
Ashenzari
Cheibriados
Dithmenos
Elyvilon
Fedhas
Gozag
Kikubaaqudgha
Makhleb
Nemelex Xobeh
Okawaru
Ru
Sif Muna
Trog
Uskayaw
Vehumet
Wu Jian
Xom
Yredelemnul
Zin
The Shining One

Shops:
D:1 (   D:2 =


Innate Abilities, Weirdness & Mutations

You are too large for most types of armour.
You have claws for hands.
Your natural rate of healing is unusually fast.
You are covered in fur. (AC +1)
You have tough skin. (AC +1)


Message History

You claw the killer bee!
The killer bee is severely wounded.
You block the killer bee's attack. The killer bee closely misses you.
The killer bee stings you.
* * * LOW HITPOINT WARNING * * *
You are poisoned.
The killer bee poisons you!
The killer bee stings you but does no damage.
You spin and attack the killer bee.
You mangle the killer bee!!
You kill the killer bee!
The Council accepts your kill.
You spin and attack the killer bee.
You miss the killer bee.
You feel very sick. You block the killer bee's attack.
The killer bee stings you but does no damage. x2
You spin and attack the killer bee.
You closely miss the killer bee.
You spin and attack the killer bee.
You barely miss the killer bee.
The killer bee is severely wounded.
You feel sick. The killer bee stings you!
* * * LOW HITPOINT WARNING * * *
You are more poisoned.
The killer bee poisons you! The killer bee barely misses you.
You block the killer bee's attack.
The killer bee stings you but does no damage.
You see here a killer bee corpse.
You feel better. The killer bee closely misses you. The killer bee stings you.
* * * LOW HITPOINT WARNING * * *
You are poisoned.
The killer bee poisons you! You block the killer bee's attack.
The killer bee stings you.
* * * LOW HITPOINT WARNING * * *
You are more poisoned.
The killer bee poisons you!
You spin and attack the killer bee.
You completely miss the killer bee.
You spin and attack the killer bee repeatedly.
You scratch the killer bee.
The killer bee is severely wounded.
You barely miss the killer bee.
The killer bee is severely wounded.
You die...

########
....######.☼.☼☼.########
.........○°○°..☼○°☼○☼○.
.....####°..☼.....☼....
#......##...°.@†....°☼.
###......##☼☼.☼☼yy...○...
#..........☼☼.☼.†..○.○.○.
...........°..☼.°#######.
#.........☼.....°#
#.........#..°.○○#
##...###...☼#☼#.○..#
..#........☼....○#.#
#....................


You could see 2 killer bees.

Vanquished Creatures
  Pikel (D:7)
  Maggie (D:6)
  Prince Ribbit (D:7)
  Menkaure (D:7)
  2 water moccasins
  2 sky beasts (D:7)
  A black bear (D:5)
  An ogre (D:6)
  A centaur (D:7)
  2 phantoms
  Blork the orc (D:4)
  2 kobold brigands
  2 bullfrogs
  2 necrophages
  3 scorpions (D:6)
  3 killer bees (D:8)
  3 howler monkeys
  A crimson imp (D:3)
  A quasit (D:6)
  2 hounds
  Crazy Yiuf (D:7)
  3 jellies
  An orc priest (D:7)
  4 orc wizards
  4 iguanas
  6 gnolls
  8 adders
  3 shadow imps
  3 white imps
  3 ufetubi
  3 worms
  2 dart slugs (D:3)
  16 orcs
  8 ball pythons
  4 endoplasms
  3 giant cockroaches
  6 goblins
  7 hobgoblins
  12 jackals
  3 quokkas
  8 bats
  2 frilled lizards
  2 goblin skeletons (D:3)
  A goblin zombie (D:3)
  2 hobgoblin zombies (D:3)
  8 kobolds
  3 kobold zombies (D:3)
  6 rats
165 creatures vanquished.

Vanquished Creatures (others)
  A demonic plant (D:6)
  4 fungi (D:2)
  A plant (D:3)
6 creatures vanquished.

Grand Total: 171 creatures vanquished

Notes
Turn   | Place    | Note
-------+----------+-------------------------------------------
     0 | D:1      | Calibrex the Troll Fighter began the quest for the Orb.
     0 | D:1      | Reached XP level 1. HP: 22/22 MP: 0/0
    11 | D:1      | Found Liyhiug's Antique Weapon Boutique.
   171 | D:1      | Reached XP level 2. HP: 29/29 MP: 1/1
   595 | D:2      | Reached XP level 3. HP: 21/36 MP: 2/2
   769 | D:2      | Found a faded altar of an unknown god.
   813 | D:2      | Reached skill level 3 in Unarmed Combat
   914 | D:2      | Found Xabarergh's Jewellery Shop.
  1066 | D:2      | Reached XP level 4. HP: 26/44 MP: 3/3
  1561 | D:3      | Found a basalt altar of Yredelemnul.
  1591 | D:3      | Reached skill level 4 in Unarmed Combat
  1625 | D:3      | Found a glowing golden altar of the Shining One.
  1630 | D:3      | Reached XP level 5. HP: 52/52 MP: 4/4
  1936 | D:4      | Found a shimmering blue altar of Sif Muna.
  1939 | D:4      | Found a shadowy altar of Dithmenos.
  1941 | D:4      | Found a shimmering altar of Xom.
  2178 | D:4      | Reached skill level 5 in Unarmed Combat
  2275 | D:4      | Noticed Blork the orc
  2283 | D:4      | Killed Blork the orc
  2284 | D:4      | Reached XP level 6. HP: 60/61 MP: 5/5
  2310 | D:4      | Found a radiant altar of Vehumet.
  2394 | D:4      | Reached skill level 6 in Unarmed Combat
  2841 | D:5      | Entered Level 5 of the Dungeon
  2912 | D:5      | Reached XP level 7. HP: 67/67 MP: 6/6
  2915 | D:5      | Reached skill level 7 in Unarmed Combat
  3087 | D:5      | Reached skill level 1 in Throwing
  3570 | D:5      | Found an ornate altar of the Wu Jian Council.
  3642 | D:5      | Became a worshipper of the Wu Jian Council
  3750 | D:6      | Reached skill level 8 in Unarmed Combat
  3750 | D:6      | Reached XP level 8. HP: 75/75 MP: 7/7
  3798 | D:6      | Found a sacrificial altar of Ru.
  3804 | D:6      | Noticed Maggie
  3812 | D:6      | Killed Maggie
  3905 | D:6      | Found an opulent altar of Gozag.
  3906 | D:6      | Found a sparkling altar of Nemelex Xobeh.
  4090 | D:6      | Reached skill level 9 in Unarmed Combat
  4564 | D:7      | Reached skill level 5 in Shields
  4707 | D:7      | Found a staircase to the Ecumenical Temple.
  4731 | D:7      | Reached * piety under Wu Jian
  4754 | D:7      | Noticed Pikel
  4765 | D:7      | Killed Pikel
  4766 | D:7      | Reached XP level 9. HP: 87/87 MP: 8/8
  4779 | D:7      | Reached skill level 5 in Fighting
  4779 | D:7      | Reached skill level 10 in Unarmed Combat
  4852 | D:7      | Noticed Menkaure
  4867 | D:7      | Killed Menkaure
  5061 | D:7      | Noticed Prince Ribbit
  5077 | D:7      | Killed Prince Ribbit
  5231 | D:7      | Got the Grimoire of Lethal Malediction
  5384 | D:7      | Found a runed translucent door.
  5385 | D:7      | Noticed Crazy Yiuf
  5504 | D:7      | Killed Crazy Yiuf
  5586 | Temple   | Entered the Ecumenical Temple
  5935 | D:8      | Found a staircase to the Lair.
  5987 | D:8      | HP: 1/88 [killer bee (7)]
  5989 | D:8      | Succumbed to a killer bee's poison

Illustrated notes

Levels and vault maps discovered:
D:1:      psy_arrival_terrarium, layout_basic, serial_shops,
          nicolae_shop_hallway_plus
D:2:      layout_rooms, shapermc_ecumenical_altar_ellora, serial_shops,
          nicolae_diamond_shop
D:3:      layout_rooms, overflow_temple_1_default, nicolae_tso_besieged_by_evil,
          serial_bayou, serial_bayou_crossing, serial_bayou_shore_b,
          serial_bayou_ford_a, serial_bayou_pond_a, roderic_roman_lattice
D:4:      layout_gridville, lemuel_crystal_altar, grunt_temple_overflow_open,
          uniq_blork_the_orc
D:5:      layout_basic, lemuel_tele_altar
D:6:      layout_gridville, minitemple, serial_demonic, serial_demonic_g,
          serial_demonic_g, serial_demonic_f, serial_demonic_d,
          serial_demonic_e, serial_demonic_b, uniq_maggie
D:7:      layout_loops_ring, minmay_temple_entry_slanted,
          minmay_misc_feat_diagonals, hex_tiny, uniq_crazy_yiuf_cottage,
          uniq_menkaure, uniq_prince_ribbit1, uniq_pikel
D:8:      layout_basic, nicolae_qazlal_eye_of_the_storm, dpeg_oklobed_lair,
          serial_aquarium, aquarium_bridge_square [aquarium_subvault_window,
          aquarium_subvault_bridge, aquarium_subvault_window,
          aquarium_subvault_wall], aquarium_bridge_square
          [aquarium_subvault_window, aquarium_subvault_bridge,
          aquarium_subvault_bridge, aquarium_subvault_window],
          aquarium_window_fake, aquarium_window_1, aquarium_window_1,
          aquarium_window_2, aquarium_view_2e, aquarium_pool_2
Temple:   chequers_temple_sunken

Skill      XL: |  1  2  3  4  5  6  7  8  9 |
---------------+----------------------------+-----
Shields        | 3 4 5 6 |  6.1
Unarmed Combat | 3 4 5 6 8 9 10 | 10.7
Fighting       | 3 4 5 |  5.5
Throwing       | 1 |  1.0
Dodging        | 3 |  3.4
Stealth        | |  0.9

Action                   |  1- 3 |  4- 6 |  7- 9 || total
-------------------------+-------+-------+-------++-------
Melee: Unarmed           |   107 |   168 |   200 ||   475
Throw: Javelin           |     1 |     3 |       ||     4
       Boomerang         |       |     3 |       ||     3
       Throwing net      |       |     2 |     1 ||     3
       Dart              |       |       |     2 ||     2
Invok: Lunge             |       |       |    22 ||    22
       Whirlwind         |       |       |    12 ||    12
  Use: Scroll            |       |     7 |     5 ||    12
       Potion            |       |     1 |     5 ||     6
 Stab: Sleeping          |     2 |       |     1 ||     3
       Held in net/web   |       |     1 |       ||     1
       Distracted        |       |     1 |       ||     1
Armor: Robe              |    48 |    78 |     5 ||   131
       Steam dragon scal |       |       |    60 ||    60
Dodge: Dodged            |    54 |    57 |    55 ||   166
Block: Kite shield       |    48 |    65 |    86 ||   199
